 Dungeon Crawl Stone Soup version 0.19.4-10-g532645f (webtiles) character file.

93 tof the Skirmisher (level 4, -5/38 HPs)
             Began as a Demonspawn Wanderer on Feb 25, 2017.
             Killed from afar by tof's ghost (33 damage)
             ... with a bolt of negative energy
             ... on level 3 of the Dungeon.
             The game lasted 00:04:27 (1680 turns).

tof the Skirmisher (Demonspawn Wanderer)            Turns: 1680, Time: 00:04:28

Health: -5/38      AC:  8    Str: 14    XL:     4   Next: 36%
Magic:  4/4        EV: 10    Int: 15    God:
Gold:   135        SH:  0    Dex: 10    Spells: 0 memorised, 3 levels left

rFire  + . .     SeeInvis .     a - +3 mace
rCold  . . .     Gourm    .     c - +0 ring mail
rNeg   . . .     Faith    .     (no shield)
rPois  .         Spirit   .     (no helmet)
rElec  .         Reflect  .     (no cloak)
rCorr  .         Harm     .     (no gloves)
MR     .....                    (no boots)
Stlth  ..........               (no amulet)
                                j - ring of protection from fire
                                (no ring)

@: drained
A: thin metallic scales 2
a: no special abilities


You were on level 3 of the Dungeon.
You were not hungry.

You visited 1 branch of the dungeon, and saw 3 of its levels.

You collected 135 gold pieces.

Inventory:

Hand Weapons
 a - a +3 mace (weapon)
Armour
 c - a +0 ring mail (worn)
Jewellery
 g - an uncursed ring of stealth
 j - a ring of protection from fire (right hand)
Scrolls
 b - a scroll of teleportation
 h - 3 scrolls of identify
 i - a scroll of fog {unknown}
 l - a scroll of immolation {unknown}
 m - a scroll of amnesia {unknown}
 o - a scroll of fear {unknown}
 s - a scroll of remove curse
Potions
 e - a potion of lignification {unknown}
 k - a potion of cancellation {unknown}
 n - a potion of invisibility {unknown}
 p - 2 potions of curing
 q - a potion of agility {unknown}
 r - 2 potions of cure mutation {unknown}
Comestibles
 d - 2 bread rations
 f - 7 chunks of flesh
 t - a slice of pizza


   Skills:
 + Level 4.7(4.1) Fighting
 + Level 2.9(2.3) Maces & Flails
 + Level 1.0(0.4) Throwing
 + Level 2.4(1.8) Armour
 + Level 0.3(0.0) Dodging
   Level 1.0(0.4) Evocations


You had 3 spell levels left.
You didn't know any spells.

Dungeon Overview and Level Annotations

Branches:
Dungeon (3/15)

Altars:
Fedhas
Xom

Annotations:
D:3 tof's ghost, novice DrSk


Innate Abilities, Weirdness & Mutations

You are mostly covered in thin metallic scales. (AC +3)


Message History

The orc is severely wounded.
The orc hits you but does no damage.
You sock the orc!
You kill the orc!
The orc closely misses you.
The orc hits you from afar with a trident.
You hit the orc.
The orc is almost dead.
The orc hits you from afar with a trident.
The orc hits you but does no damage.
You hit the orc.
You kill the orc!
The orc hits you but does no damage.
Tof's ghost breathes negative energy at you.
The bolt of negative energy hits the orc.
The orc is drained!
The orc dies!
The bolt of negative energy hits you!
You feel drained.
Ouch! That really hurt!
You die...

#############
#....<.......
#.###########
#@# #)# #)#
..P.P..Wo......
#.._....##.!.##
#.P.P.... ...#
#......#. .<.
##..(#. .. ..
#..### .) .


You could see tof's ghost and an orc.

Vanquished Creatures
  3 adders
  2 dart slugs
  2 orcs (D:3)
  7 giant cockroaches
  8 goblins
  6 hobgoblins
  6 jackals (D:1)
  2 quokkas (D:2)
  4 bats
  5 frilled lizards
  4 kobolds
  7 rats
56 creatures vanquished.

Vanquished Creatures (others)
  An orc (D:3)
1 creature vanquished.

Grand Total: 57 creatures vanquished

Notes
Turn   | Place    | Note
-------+----------+-------------------------------------------
     0 | D:1      | tof the Demonspawn Wanderer began the quest for the Orb.
     0 | D:1      | tof set off with: a +2 mace, a scroll of teleportation, a +0 ring mail, a bread ration
     0 | D:1      | Reached XP level 1. HP: 19/19 MP: 1/1
   164 | D:1      | Found a shimmering altar of Xom.
   326 | D:1      | Gained mutation: You are partially covered in thin metallic scales. (AC +2) [demonic ancestry]
   326 | D:1      | Reached XP level 2. HP: 25/26 MP: 2/2
   889 | D:2      | Gained mutation: You are mostly covered in thin metallic scales. (AC +3) [demonic ancestry]
   889 | D:2      | Reached XP level 3. HP: 30/31 MP: 3/3
  1547 | D:2      | Reached XP level 4. HP: 38/38 MP: 4/4
  1665 | D:3      | Found a blossoming altar of Fedhas.
  1669 | D:3      | Noticed tof's ghost (novice DrSk)
  1680 | D:3      | Killed from afar by tof's ghost

Skill      XL: |  1  2 |
---------------+-------+-----
Maces & Flails | 2 |  2.9
Armour         | 2 |  2.4
Fighting       | |  4.7
Throwing       | |  1.0
Dodging        | |  0.3
Evocations     | |  1.0

Action                   |  1- 3 |  4- 6 || total
-------------------------+-------+-------++-------
Melee: Mace              |   119 |    26 ||   145
  Use: Scroll            |     3 |       ||     3
  Eat: Chunk             |     2 |     1 ||     3
Armor: Ring mail         |    60 |    16 ||    76
Dodge: Dodged            |    89 |    11 ||   100
